 Dungeon Crawl Stone Soup version 0.31-a0-182-gc5ef74bbde (webtiles) character file.

Game seed: 9717564837723879188

436 qw the Chopper (level 7, -2/43 HPs)
             Began as a Gargoyle Fighter on June 20, 2023.
             Killed by divine providence
             ... invoked by an orc priest
              (15 damage)
             ... on level 5 of the Dungeon.
             The game lasted 00:02:07 (3610 turns).

qw the Chopper (Gargoyle Fighter)                   Turns: 3610, Time: 00:02:08

Health: -2/43      AC: 17    Str: 21    XL:     7   Next: 1%
Magic:  7/7        EV:  5    Int:  9    God:
Gold:   268        SH:  0    Dex:  9    Spells: 6/6 levels left

rFire   + . .        Y - +1 war axe
rCold   + . .        c - +0 buckler
rNeg    + . .        k - +0 plate armour
rPois   inf          e - +0 helmet
rElec   +            i - scarf {rC+ rF+}
rCorr   .            (no gloves)
SInv    .            (no boots)
Will    .....        h - amulet of regeneration Stlth
                     (no ring)
HPRegen 1.07/turn    (no ring)
MPRegen 0.10/turn

%: no passive effects
@: confused
A: sickness immunity, AC +4, negative energy resistance 1, electricity
resistance, torment resistance 1, petrification resistance
a: no special abilities


You were on level 5 of the Dungeon.
You visited 1 branch of the dungeon, and saw 5 of its levels.

You collected 268 gold pieces.


Innate Abilities, Weirdness & Mutations

You are immune to sickness and miasma.
Your stone body is resilient. (AC +4)
You are immune to poison.
You resist negative energy. (rN+)
You are resistant to electric shocks. (rElec)
You are resistant to unholy torment.
You are immune to petrification.


   Skills:
 - Level 4.0 Fighting
 - Level 6.3 Axes
 + Level 3.3 Armour
 - Level 0.3 Dodging
 - Level 3.2 Shields


You had 6 spell levels left.
You didn't know any spells.
Your spell library was empty.

Inventory:

Hand Weapons
 j - a +0 flail
 Y - a +1 war axe (weapon)
Armour
 b - a +4 ring mail of fire resistance
 c - a +0 buckler (worn)
 e - a +0 helmet (worn)
 i - a scarf of resistance (worn)
 k - a +0 plate armour (worn)
Jewellery
 h - an amulet of regeneration (around neck)
Scrolls
 l - a scroll of identify
Potions
 a - a potion of curing {unknown}
 d - 2 potions of might
 f - a potion of degeneration {unknown}
 m - a potion of mutation {unknown}
 n - a potion of ambrosia {unknown}
 o - a potion of lignification {unknown}

Dungeon Overview and Level Annotations

Branches:
Dungeon (5/15)
 Temple: D:4-7

Altars:
Hepliaklqana
Yredelemnul
The Shining One

Annotations:
D:2 1 runed translucent door, Crazy Yiuf
D:3 1 runed translucent door
D:4 exclusions: 5 hobgoblins, 4 orcs and orc wizard
D:5 1 transporter, qw's ghost, novice GrFi


Message History

You hit the ogre.
The ogre is heavily wounded.
The ogre hits you with a +0 giant club!
You slash the ogre!
You kill the ogre!
Your Axes skill increases to level 6!
You have reached level 7!
3604 ||| Stepping ~*~*~tactically~*~*~ (hiding).
Enter note:
Enter note:
Enter note:
Enter note: An orc comes into view. It is wielding a +0 whip.
The orc wizard points at you and mumbles some strange words.
You resist with some effort.
Enter note:
Enter note:
Enter note:
Enter note: An orc priest and an orc wizard come into view.
Found 5 stones.
Found a stone staircase leading down.
The orc wizard hits you but does no damage.
Enter note:
Enter note:
Enter note:
Enter note: You closely miss the orc wizard.
The orc wizard hits you but does no damage.
You barely miss the orc wizard. You slash the orc!
You kill the orc!
The orc wizard hits you with a +0 dagger.
The orc wizard gestures at you while chanting.
The puff of flame hits you but does no damage.
You hit the orc wizard.
The orc wizard is lightly wounded.
The orc wizard casts a spell at you.
You are confused.
The orc wizard hits you with a +0 dagger.
The orc priest mumbles some strange prayers to Beogh against you.
Beogh smites you!
You die...

....###...#.#77 77.77
.....##.......77#7P~.
####..........#.#7P~7
#........##....7~~77
..........##.....7~.~7
##..#.....##........####.#
#.....#.........).......#
#....###....[.........###
#....#.....####@###...~P~
#.#........#


#ooo# ...~~P #.#.. ....... ...~P ............~~~ >.............PP~
..#..#.##......~~ . #.### ...... .( ...... You could see an orc priest and 2 orc
wizards.

Vanquished Creatures
  An ogre (D:5)
  A scorpion (D:5)
  Ijyb (D:4)
  2 iguanas (D:4)
  An orc wizard (D:4)
  Robin (D:2)
  5 adders
  A white imp (D:4)
  An ufetubus (D:4)
  A dart slug (D:1)
  7 orcs
  3 bat skeletons (D:2)
  5 endoplasms
  5 giant cockroaches
  8 hobgoblins
  8 jackals
  4 kobolds
  3 quokkas
  8 ball pythons
  2 ball python skeletons (D:2)
  A ball python zombie (D:2)
  8 bats
  4 frilled lizards
  15 goblins
  2 goblin zombies (D:4)
  2 hobgoblin zombies (D:4)
  2 jackal skeletons (D:3)
  2 kobold skeletons (D:4)
  2 kobold zombies (D:4)
  A quokka zombie (D:2)
  7 rats
114 creatures vanquished.

Vanquished Creatures (others)
  An orc wizard (D:4)
1 creature vanquished.

Grand Total: 115 creatures vanquished

Notes
Turn   | Place    | Note
-------+----------+-------------------------------------------
     0 | D:1      | qw the Gargoyle Fighter began the quest for the Orb.
     0 | D:1      | Reached XP level 1. HP: 14/14 MP: 1/1
     0 | D:1      | 0 ||| qw: Version: 0.3-a-9-g12657ce
     0 | D:1      | 0 ||| qw: Game counter: 1197
     0 | D:1      | 0 ||| qw: Always use a shield: true
     0 | D:1      | 0 ||| qw: God list: Okawaru
     0 | D:1      | 0 ||| qw: Allow faded altars: false
     0 | D:1      | 0 ||| qw: Do Orc after D:15 true
     0 | D:1      | 0 ||| qw: Do second Lair branch before Depths: true
     0 | D:1      | 0 ||| qw: Lair rune preference: random
     0 | D:1      | 0 ||| qw: Plans: Normal, Zot:1-4, Slime:5, God:TSO, Crypt,
                  | Tomb, Abyss, Pan, Hells, Win
     0 | D:1      | 0 ||| PLANNING D:1-11
    96 | D:1      | Reached skill level 2 in Axes
   181 | D:1      | 181 ||| DROPPING +0 club.
   193 | D:1      | Reached XP level 2. HP: 19/19 MP: 2/2
   561 | D:1      | 561 ||| DROPPING +0 mace.
   589 | D:1      | 589 ||| UPGRADING to +0 helmet.
   594 | D:1      | 594 ||| UPGRADING to amulet of regeneration.
   599 | D:1      | 599 ||| READING scroll labelled XOMOKHIERIH.
   600 | D:1      | 600 ||| READING scroll labelled FUCWEA WIYMUICW.
   629 | D:2      | Reached skill level 3 in Axes
   657 | D:2      | Reached XP level 3. HP: 23/23 MP: 3/3
   657 | D:2      | 657 ||| Stepping ~*~*~tactically~*~*~ (stealth).
   658 | D:2      | 658 ||| Stepping ~*~*~tactically~*~*~ (stealth).
   663 | D:2      | Noticed Robin
   672 | D:2      | Killed Robin
  1051 | D:2      | 1051 ||| DROPPING +2 hammer of protection.
  1055 | D:2      | Found a runed translucent door.
  1056 | D:2      | Noticed Crazy Yiuf
  1120 | D:2      | 1120 ||| Stepping ~*~*~tactically~*~*~ (hiding).
  1265 | D:2      | Reached XP level 4. HP: 28/28 MP: 4/4
  1275 | D:2      | Reached skill level 4 in Axes
  1323 | D:2      | 1323 ||| Stepping ~*~*~tactically~*~*~ (stealth).
  1342 | D:2      | 1342 ||| Stepping ~*~*~tactically~*~*~ (stealth).
  1493 | D:2      | 1493 ||| UPGRADING to scarf of resistance.
  1498 | D:2      | 1498 ||| READING scroll labelled TUWUXI CUNNOVIFF.
  1660 | D:3      | 1660 ||| Stepping ~*~*~tactically~*~*~ (stealth).
  1695 | D:3      | Found a runed translucent door.
  1695 | D:3      | Noticed a human
  1697 | D:3      | 1697 ||| Stepping ~*~*~tactically~*~*~ (stealth).
  1707 | D:3      | Found a basalt altar of Yredelemnul.
  1864 | D:3      | 1864 ||| Stepping ~*~*~tactically~*~*~ (stealth).
  1880 | D:3      | Reached XP level 5. HP: 32/32 MP: 5/5
  2005 | D:3      | Found a faded altar of an unknown god.
  2049 | D:3      | 2049 ||| Stepping ~*~*~tactically~*~*~ (stealth).
  2089 | D:3      | Found a hazy altar of Hepliaklqana.
  2358 | D:3      | 2358 ||| READING scroll labelled JAN MYFEEDIOC NAEW.
  2359 | D:3      | 2359 ||| READING scroll labelled MOUPLE FY QAOD.
  2509 | D:4      | 2509 ||| FLEEEEING.
  2560 | D:4      | Reached skill level 5 in Axes
  2617 | D:4      | Found a glowing golden altar of the Shining One.
  2689 | D:4      | 2689 ||| READING scroll labelled FOCSONIARGH.
  2759 | D:4      | Reached XP level 6. HP: 38/38 MP: 6/6
  3164 | D:4      | 3164 ||| UPGRADING to +0 chain mail.
  3174 | D:4      | 3174 ||| DROPPING +0 scale mail.
  3175 | D:4      | 3175 ||| UPGRADING to +0 plate armour.
  3185 | D:4      | 3185 ||| DROPPING +0 chain mail.
  3236 | D:4      | Noticed Ijyb
  3254 | D:4      | Killed Ijyb
  3477 | D:5      | Entered Level 5 of the Dungeon
  3495 | D:5      | Found a transporter.
  3534 | D:5      | Noticed a yak
  3537 | D:5      | Noticed qw's ghost (novice GrFi)
  3602 | D:5      | HP: 5/38 [ogre/+0 giant club (15)]
  3604 | D:5      | Reached skill level 6 in Axes
  3604 | D:5      | Reached XP level 7. HP: 7/43 MP: 7/7
  3604 | D:5      | 3604 ||| Stepping ~*~*~tactically~*~*~ (hiding).
  3610 | D:5      | Killed from afar by an orc priest

Levels and vault maps discovered:
D:1:      shiori_shiawase, layout_basic
D:2:      layout_loops_ring, serial_undead, serial_undead_f, serial_undead_b,
          serial_undead_d, serial_undead_c, serial_undead_e, serial_undead_a,
          serial_undead_e, kennysheep_flooded_box, minivault_4,
          uniq_crazy_yiuf_cottage, uniq_robin
D:3:      layout_loops_corners, dk_yredelemnul_ordeal,
          mainiacjoe_overflow_surrounded_room,
          dreamdust_ecumenical_altar_statues
D:4:      layout_basic, nicolae_tso_besieged_by_evil, chequers_big_river,
          uniq_ijyb
D:5:      layout_cave_pools, gammafunk_ghost_arena, serial_bayou,
          serial_bayou_crossing, serial_bayou_ford_a, serial_bayou_pond_c,
          serial_bayou_pond_d, serial_bayou_lagoon_a, serial_bayou_shore_a

Skill      XL: |  1  2  3  4  5  6 |
---------------+-------------------+-----
Axes           | 2 3 4 5 6 |  6.3
Fighting       | 4 |  4.0
Armour         | |  3.3
Dodging        | |  0.3
Shields        | |  3.2

Action                     |  1- 3 |  4- 6 |  7- 9 || total
---------------------------+-------+-------+-------++-------
  Melee: War axe           |    69 |   188 |     3 ||   260
  Throw: Boomerang         |    45 |    70 |       ||   115
    Use: Scroll            |     2 |     4 |       ||     6
 Armour: Scale mail        |    43 |    88 |       ||   131
         Plate armour      |       |    33 |     3 ||    36
  Dodge: Dodged            |    35 |    85 |       ||   120
  Block: Buckler           |    14 |    31 |       ||    45

Table legend:
 A = Non-vault XP
 B = Vault XP
 C = Vault XP percentage of total XP
 D = Non-vault monster count
 E = Vault monster count
 F = Vault count percentage of total count
                 A         B        C        D         E       F
            +---------+---------+-------+---------+---------+-------
      Total |     532 |      92 |  14.7 |      89 |      26 |  22.6
            +---------+---------+-------+---------+---------+-------
        D:1 |      28 |       0 |   0.0 |      18 |       0 |   0.0
        D:2 |      56 |      36 |  39.1 |      26 |      14 |  35.0
        D:3 |      69 |       2 |   2.8 |      21 |       2 |   8.7
        D:4 |     163 |      54 |  24.9 |      17 |      10 |  37.0
        D:5 |     216 |       0 |   0.0 |       7 |       0 |   0.0
            +---------+---------+-------+---------+---------+-------
